Map: Taller mecánico EE

Players

Eternal - Winner!

  • Race: Zerg Zerg
  • League: Gold
  • Spawn Location: 1:00

Decnutz

  • Race: Terran Terran
  • League: Gold
  • Spawn Location: 7:00

VOD

Have the link to the VOD?

Description

Time

  • Played on: July 30, 2017, 11:39 p.m.
  • Length: 14:20
Show
View Real Time Build Order
Export as new Build Order

Eternal Zerg - Winner!

Build Orders: Pool First, Swarm Host 

Get SALT Encoding   

  12  0:01  Drone  
  13  0:13  Overlord  
  13  0:17  Drone  
  14  0:31  Drone  
  14  0:32  Drone  
  16  0:35  Drone  
  17  0:46  Drone  
  18  0:52  Spawning Pool  
  17  0:59  Drone  
  18  1:18  Hatchery  
  18  1:20  Extractor  
  16  1:28  Drone x2  
  16  1:29  Drone  
  19  1:42  Overlord  
  19  1:43  Queen  
  21  1:50  Drone  
  22  2:01  Drone  
  23  2:12  Drone  
  24  2:18  Roach Warren  
  23  2:24  Drone  
  24  2:30  Queen  
  24  2:33  Zergling x2  
  24  2:34  Drone  
  28  2:42  Zergling x2  
  29  2:45  Drone  
  29  3:12  Drone  
  29  3:13  Drone x3  
  32  3:32  Lair  
  32  3:33  Extractor  
  31  3:39  Drone x5  
  36  3:41  Extractor  
  36  3:43  Extractor  
  36  3:47  Overlord x2  
  34  3:49  Drone x2  
  36  4:00  Evolution Chamber x2  
  34  4:07  Evolution Chamber  
  33  4:10  Drone x4  
  33  4:11  Drone  
  38  4:18  Drone x2  
  38  4:19  Drone  
  38  4:22  Queen  
  43  4:29  Roach x2  
  47  4:35  Spine Crawler  
  47  4:36  Drone x2  
  48  4:38  Spore Crawler  
  48  4:39  Spore Crawler, Glial Reconstitution  
  48  4:41  Spine Crawler  
  48  4:44  Roach  
  47  4:46  Overlord  
  47  4:51  Queen  
  49  4:53  Overlord  
  49  4:55  Drone  
  49  4:57  Roach  
  52  5:03  Queen  
  54  5:10  Overseer  
  54  5:12  Drone  
  54  5:13  Drone x4  
  59  5:29  Zergling x2  
  59  5:30  Overlord x4  
  60  5:38  Zerg Missile Weapons Level 1  
  60  5:40  Zerg Ground Armor Level 1  
  60  5:52  Roach  
  60  5:53  Roach x2  
  66  5:59  Baneling Nest  
  66  6:02  Roach x2  
  66  6:03  Hatchery  
  68  6:18  Hydralisk Den  
  68  6:20  Drone x8  
  75  6:26  Roach  
  75  6:27  Roach  
  79  6:35  Roach x2  
  83  6:42  Roach x3  
  89  6:49  Roach  
  89  6:50  Overlord x2  
  91  7:03  Spore Crawler  
  91  7:04  Roach  
  91  7:05  Overlord x3  
  92  7:10  Overseer  
  92  7:16  Overseer  
  92  7:17  Roach  
  92  7:18  Roach x2  
  98  7:24  Roach x3  
  98  7:27  Drone x2  
  106  7:31  Centrifical Hooks  
  106  7:41  Zergling x2  
  106  7:42  Zergling x2  
  108  7:45  Metabolic Boost  
  108  7:49  Spore Crawler  
  108  7:50  Spine Crawler  
  106  7:51  Ravager  
  106  7:52  Ravager x3  
  110  8:02  Zergling x2  
  110  8:03  Zergling x14  
  110  8:04  Zergling x2  
  119  8:06  Drone  
  119  8:07  Drone  
  121  8:25  Zergling x2  
  121  8:26  Zergling x18  
  131  8:29  Drone  
  132  8:41  Zerg Missile Weapons Level 2, Pneumatized Carapace  
  132  8:48  Drone x6  
  138  8:53  Extractor  
  138  8:54  Extractor  
  136  8:58  Baneling x5  
  136  9:04  Roach  
  136  9:05  Overlord x2  
  136  9:06  Overlord x3  
  138  9:10  Baneling x4  
  138  9:21  Overlord  
  138  9:22  Overlord x2  
  138  9:42  Infestation Pit  
  137  9:51  Zerg Ground Armor Level 2, Zerg Melee Weapons Level 1  
  115  10:22  Hydralisk  
  115  10:23  Hydralisk x13  
  145  10:29  Overlord  
  145  10:37  Drone x4  
  147  10:43  Hive  
  147  10:44  Pathogen Glands  
  147  10:49  Burrow  
  130  11:40  Swarm Host  
  130  11:41  Swarm Host x13  
  130  11:46  Overseer  
  172  12:03  Hatchery  
  171  12:14  Swarm Host x7  
  171  12:15  Swarm Host  
  171  13:09  Zergling x2  
  171  13:10  Infestor x6  
  180  13:29  Infestor x2  
Show
View Real Time Build Order
Export as new Build Order

Decnutz Terran 

Build Orders: Reaper Expand, MMM Bio 

Get SALT Encoding   

  12  0:01  SCV  
  13  0:13  SCV  
  14  0:18  Supply Depot  
  14  0:25  SCV  
  15  0:40  SCV, Barracks  
  16  0:52  SCV  
  16  0:54  Refinery  
  16  0:56  Refinery  
  17  1:04  SCV  
  18  1:16  SCV  
  19  1:34  Reaper  
  20  1:41  Barracks  
  20  1:43  Orbital Command  
  20  1:48  Barracks  
  20  2:06  Reaper  
  21  2:15  Supply Depot  
  21  2:20  SCV  
  22  2:42  Bunker, Supply Depot  
  20  3:52  Barracks Reactor  
  20  3:53  Command Center  
  20  3:54  Barracks Reactor  
  20  3:55  Command Center  
  20  4:07  Supply Depot  
  20  4:10  SCV  
  20  4:13  Barracks Tech Lab  
  21  4:22  SCV  
  22  4:35  Marine x2  
  22  4:37  Marine x2  
  22  4:38  Marine  
  26  4:40  Stimpack  
  27  4:45  Engineering Bay  
  27  4:54  Engineering Bay  
  27  4:55  SCV  
  27  4:59  Marine  
  28  5:00  Marine  
  28  5:05  Marine x2  
  32  5:16  Orbital Command  
  32  5:25  Terran Infantry Weapons Level 1  
  32  5:27  Terran Infantry Armor Level 1  
  32  5:36  Orbital Command  
  32  5:45  Marauder  
  32  5:47  Marine  
  32  5:48  Marine  
  36  5:51  Marine  
  36  5:53  Marine  
  38  6:06  Factory  
  38  6:13  SCV  
  38  6:15  SCV, Factory  
  40  6:20  SCV  
  41  6:25  SCV  
  41  6:27  SCV  
  41  6:32  Ghost Academy  
  43  6:39  Supply Depot  
  43  6:43  Marine x2  
  43  6:44  Marine x2  
  43  6:45  Marine  
  48  6:47  Concussive Shells  
  48  6:57  Factory Tech Lab  
  48  7:02  Factory Tech Lab  
  48  7:03  Marine x2  
  48  7:04  Supply Depot  
  48  7:05  Marauder, Marine x2  
  54  7:26  Armory  
  54  7:29  Combat Shields  
  54  7:30  Armory  
  54  7:35  Armory, Marine x2  
  54  7:36  Marine x2  
  54  7:37  Marine  
  59  7:44  SCV  
  59  7:45  SCV  
  59  7:47  SCV  
  62  8:00  Marine  
  62  8:01  Marine  
  62  8:02  Marine x2  
  62  8:03  Marauder  
  68  8:14  Thor  
  68  8:18  Thor  
  80  8:26  Starport  
  80  8:38  Marine x2  
  80  8:40  Starport, Marine x2  
  84  8:44  Marauder  
  84  8:45  Orbital Command  
  86  9:00  Terran Vehicle Weapons Level 1  
  86  9:02  Terran Vehicle And Ship Armor Level 1  
  86  9:05  Terran Ship Weapons Level 1  
  86  9:06  Starport Reactor  
  86  9:23  Marine x2  
  88  9:24  Marine  
  89  9:49  Terran Infantry Weapons Level 2  
  89  9:53  Terran Infantry Armor Level 2  
  89  10:00  Refinery  
  89  10:02  Refinery  
  51  10:10  Marine x2  
  51  10:11  Marine  
  51  10:12  Marine  
  54  10:17  Siege Tank  
  36  10:29  Marine x3  
  36  10:30  Marine x2  
  41  10:58  Siege Tank  
  39  11:34  Marauder  
  39  11:37  Siege Tank  
  44  11:42  Orbital Command  
  27  13:46  Widow Mine  
  27  13:48  Marine x2  
Tags
 
Add a new tag
Caveats
  • Supply blocks, unpowered buildings, or Contaminate may cause inaccurate times.
  • Supply counts are checked every 10 seconds.